 Dungeon Crawl Stone Soup version 0.19-a0-1740-g0bcaf2e (webtiles) character file.

59 Amnesiac the Sneak (level 3, -5/24 HPs)
             Began as a Vampire Earth Elementalist on Oct 1, 2016.
             Slain by a scorpion (9 damage)
             ... on level 4 of the Dungeon.
             The game lasted 00:02:48 (1039 turns).

Amnesiac the Sneak (Vampire Earth Elementalist)     Turns: 1039, Time: 00:02:48

Health: -5/24      AC:  2    Str:  7    XL:     3   Next: 78%
Magic:  0/6        EV: 13    Int: 17    God:
Gold:   81         SH:  0    Dex: 15    Spells: 2 memorised, 3 levels left

rFire  . . .     SeeInvis +     b - 38 stones
rCold  + . .     Gourm    .     c - +0 robe
rNeg   + + .     Faith    .     (no shield)
rPois  +         Spirit   .     (no helmet)
rElec  .         Dismiss  .     (no cloak)
rCorr  .         Reflect  .     (no gloves)
MR     .....     Harm     .     (no boots)
Stlth  +++.......               (no amulet)
                                (no ring)
                                a - ring of wizardry

@: lethally poisoned (-5 -> -16), regenerating slowly
A: fangs 3, see invisible, unbreathing
a: Bat Form


You were on level 4 of the Dungeon.
You were thirsty.

You visited 1 branch of the dungeon, and saw 4 of its levels.

You collected 81 gold pieces.

Inventory:

Hand Weapons
 f - a +0 dagger
 m - a +1 short sword of speed
Missiles
 b - 38 stones (in hand)
Armour
 c - a +0 robe (worn)
Jewellery
 a - a ring of wizardry (left hand)
Scrolls
 g - 2 scrolls of identify {unknown}
 j - a scroll of remove curse {unknown}
 k - a scroll of noise {unknown}
Potions
 d - 7 potions of blood
 h - 2 potions of lignification {unknown}
 i - 2 potions of mutation {unknown}
 l - a potion of might {unknown}
 n - a potion of berserk rage {unknown}
Books
 e - a book of Geomancy

   Spells                             Type                      Level
   a - Sandblast                      Earth                        1
   b - Passwall                       Transmutation/Earth          2
   c - Stone Arrow                    Conjuration/Earth            3
   d - Petrify                        Transmutation/Earth          4
   e - Lee's Rapid Deconstruction     Earth                        5


   Skills:
 - Level 2.6 Short Blades
 - Level 2.1 Dodging
 - Level 5.0 Stealth
 - Level 2.0 Spellcasting
 * Level 1.1 Transmutations
 + Level 3.0 Earth Magic


You had 3 spell levels left.
You knew the following spells:

 Your Spells              Type           Power        Failure   Level  Hunger
f - Sandblast             Erth           ##....       2%          1    #......
v - Passwall              Tmut/Erth      #.........   6%          2    ###....


Dungeon Overview and Level Annotations

Branches:
Dungeon (4/15)
 Temple: D:4-7

Altars:


Innate Abilities, Weirdness & Mutations

You heal slowly.
You have razor-sharp teeth.
You have supernaturally acute eyesight. (SInv)
You can survive without breathing.


Message History

* * * LOW HITPOINT WARNING * * *
You feel sick.
* * * LOW HITPOINT WARNING * * *
You feel sick.
There is a stone staircase leading up here.
* * * LOW HITPOINT WARNING * * *
You feel sick.
Unknown command.
* * * LOW HITPOINT WARNING * * *
You feel sick.
Unknown command.
Casting: Sandblast
Confirm with . or Enter, or press ? or * to list all spells.
Aiming: Sandblast
Press: ? - help, Shift-Dir - straight line, f/p - scorpion
Aim: a scorpion (almost dead)
The rocky blast hits the scorpion.
The scorpion is almost dead.
The scorpion stings you!
You die...

#.# #.# #.#..#.### #.# #.# #.#
#.#..#.# #.# #.# #.# #.#..#.# #.#
#.# #.# #.#..#.# #.#
##########.#####.###.#.[#.#####.#
...(.............................
##########.#####.###.##.#####[###
...........# #.# #.##.#
############ #@# #.##.# # #s#
#.##.# # #.# #.##.# ##<###.##.#
#.....#.#.# #..###.##.#
#..######.. ############
#.......... ...........#
#.#########


You could see a scorpion.

Vanquished Creatures
  3 adders
  An ooze (D:1)
  2 dart slugs
  2 bats
  2 giant cockroaches
  3 goblins
  2 hobgoblins
  A ball python (D:2)
  5 kobolds
  5 rats
26 creatures vanquished.

Notes
Turn   | Place    | Note
-------+----------+-------------------------------------------
     0 | D:1      | Amnesiac the Vampire Earth Elementalist began the quest for the Orb.
     0 | D:1      | Reached XP level 1. HP: 13/13 MP: 3/3
   148 | D:1      | Reached skill level 4 in Stealth
   189 | D:1      | Reached XP level 2. HP: 19/19 MP: 3/5
   193 | D:1      | Learned a level 2 spell: Passwall
   366 | D:2      | Reached skill level 5 in Stealth
   410 | D:2      | Reached skill level 1 in Short Blades
   410 | D:2      | Reached XP level 3. HP: 24/24 MP: 2/6
   907 | D:4      | Noticed a scorpion
  1039 | D:4      | Slain by a scorpion

Vault maps used:
D:1:      erik_arrival_cave_to_civilisation, minmay_misc_feat_doors
D:2:      uniq_crazy_yiuf_cottage
D:3:      first_bread
D:4:      uniq_grinder

Skill      XL: |  1  2  3 |
---------------+----------+-----
Stealth        | 4 5 |  5.0
Short Blades   | 1 2 |  2.6
Dodging        | |  2.1
Spellcasting   | |  2.0
Transmutations | |  1.1
Earth Magic    | |  3.0

Action                   || total
-------------------------++-------
 Cast: Sandblast         ||    60
Armor: Robe              ||     6
Dodge: Dodged            ||    27
